 Dungeon Crawl Stone Soup version 0.27-a0-1529-g1e82c303ef (webtiles) character file.

Game seed: 11215545757379095582

4 flotson the Sneak (level 1, -1/14 HPs)
             Began as a Gargoyle Delver on July 11, 2021.
             Slain by a water moccasin zombie (3 damage)
             ... in an ossuary.
             The game lasted 00:00:51 (145 turns).

flotson the Sneak (Gargoyle Delver)                  Turns: 145, Time: 00:00:52

Health: -1/14      AC:  5    Str: 15    XL:     1   Next: 70%
Magic:  1/1        EV: 11    Int: 10    God:
Gold:   0          SH:  0    Dex: 11    Spells: 0/0 levels left

rFire    . . .     SeeInvis .   b - +0 spear
rCold    . . .     Faith    .   (no shield)
rNeg     + . .     Spirit   .   h - +0 leather armour
rPois    ∞         Reflect  .   (no helmet)
rElec    +         Harm     .   (no cloak)
rCorr    .         Rampage  .   (no gloves)
Will     .....                  (no boots)
Stlth    +++.......             (no amulet)
HPRegen  0.04/turn              (no ring)
MPRegen  0.07/turn              (no ring)

@: hasted, very quick
A: sickness immunity, AC +2, negative energy resistance 1, electricity
resistance, torment resistance 1, petrification resistance
a: no special abilities


You were in an ossuary.
You visited 1 branch of the dungeon, and saw 1 of its levels.
You also visited: Ossuary.

Inventory:

Hand Weapons
 a - a +0 hand axe
 b - a +0 spear (weapon)
Armour
 h - a +0 leather armour (worn)
Wands
 g - a wand of digging (3)
Scrolls
 c - a scroll of fog
 d - a scroll of magic mapping
 e - a scroll of fear


   Skills:
 + Level 3.3 Fighting
 + Level 1.8 Axes
 + Level 0.3 Armour
 + Level 1.6 Dodging
 - Level 5.4 Stealth
 + Level 0.2 Evocations


You couldn't memorise any spells.
You didn't know any spells.
Your spell library was empty.

Dungeon Overview and Level Annotations

Branches:
Dungeon (5/15)            Ossuary (1/1)
 Temple: D:4-7

Altars:


Innate Abilities, Weirdness & Mutations

You are immune to sickness and miasma.
Your stone body is resilient. (AC +2)
You are immune to poison.
You resist negative energy. (rN+)
You are resistant to electric shocks. (rElec)
You are resistant to unholy torment.
You are immune to petrification.


Message History

The gnoll zombie completely misses you.
You hit the gnoll zombie.
You destroy the gnoll zombie!
No target in view!
No target in view!
No target in view!
No target in view!
No target in view!
You start resting.
HP restored.
There is an open door here.
You barely miss the water moccasin zombie.
The water moccasin zombie bites you. x2
You are too injured to fight recklessly!
You feel yourself speed up.
The water moccasin zombie barely misses you.
You closely miss the water moccasin zombie.
The water moccasin zombie misses you.
You hit the water moccasin zombie but do no damage.
There is an open door here.
There is an empty arch of ancient stone here.
You hit the water moccasin zombie but do no damage.
You hit the water moccasin zombie but do no damage.
The water moccasin zombie bites you.
* * * LOW HITPOINT WARNING * * *
You closely miss the water moccasin zombie.
The water moccasin zombie bites you.
* * * LOW HITPOINT WARNING * * *
Okay, then.
Unknown command.
You aren't carrying any potions.
Unknown command.
You hit the water moccasin zombie.
The water moccasin zombie is lightly damaged.
The water moccasin zombie closely misses you.
You barely miss the water moccasin zombie.
The water moccasin zombie is lightly damaged.
The water moccasin zombie closely misses you.
The water moccasin zombie bites you.
You die...

#### #########
#?!!?#...#..∩#
+?()!#.∩Z@...#
#?!!!#...#...#
#### #####...#
#...# ###'#
#...# #...#
#Z..# #Z..#


You could see a water moccasin zombie.

Vanquished Creatures
  A gnoll zombie (Ossuary)
  A hobgoblin zombie (Ossuary)
  A kobold zombie (Ossuary)
  3 orc zombies (Ossuary)
6 creatures vanquished.

Notes
Turn   | Place    | Note
-------+----------+-------------------------------------------
     0 | D:5      | flotson the Gargoyle Delver began the quest for the Orb.
     0 | D:5      | Reached XP level 1. HP: 14/14 MP: 1/1
     8 | D:5      | Found a sand-covered staircase.
    16 | Ossuary  | Entered an ossuary
    31 | Ossuary  | Noticed a water moccasin zombie
   145 | Ossuary  | Slain by a water moccasin zombie

Illustrated notes

Levels and vault maps discovered:
D:5:      layout_basic, lightli_ossuary_entry_decrepit_ruins,
          gammafunk_ghost_hive, grunt_ministairs_6,
          hangedman_abyss_or_decor_lesser_grid, minmay_fractal_squares_5
Ossuary:  ossuary_tomb_2

Action                   || total
-------------------------++-------
Melee: Spear             ||    29
  Use: Potion            ||     1
Armor: Leather armour    ||     1
Dodge: Dodged            ||     9

Table legend: (Time is in decaauts)
 A = Elapsed time spent in this place.
 B = Non-inter-level travel time spent in this place.
 C = Inter-level travel time spent in this place.
 D = Time resting spent in this place.
 E = Time spent auto-exploring this place.
 F = Levels seen in this place.
 G = Mean time per level.
                   A        B        C        D        E       F      G
               +--------+--------+--------+--------+--------+-----+--------+
         Total |    141 |    141 |      0 |     53 |     12 |   2 |   70.5 |
       Dungeon |     15 |     15 |      0 |      0 |      1 |   1 |   15.0 |
       Ossuary |    125 |    125 |      0 |     53 |     11 |   1 |  125.0 |
               +--------+--------+--------+--------+--------+-----+--------+

Top non-repeatable levels by time:
 Ossuary: 125 daAuts
     D:5: 15 daAuts
